 Dungeon Crawl Stone Soup version 0.27.1-16-g815e20cd7a (webtiles) character file.

Game seed: 490691292159581966

6 Descartes the Grasshopper (level 1, 0/9 HPs)
             Began as a Felid Warper on Nov 22, 2021.
             Slain by a bat (1 damage)
             ... on level 1 of the Dungeon.
             The game lasted 00:00:51 (266 turns).

Descartes the Grasshopper (Felid Warper)             Turns: 266, Time: 00:00:51

Health: 0/9        AC:  1    Str:  7    XL:     1   Next: 75%
Magic:  4/4        EV: 18    Int: 14    God:
Gold:   0          SH:  0    Dex: 15    Spells: 4/4 levels left
                                        Lives:  0   Deaths: 0

rFire    . . .     SeeInvis +     - Unarmed
rCold    . . .     Faith    .   (shield unavailable)
rNeg     . . .     Spirit   .   (armour unavailable)
rPois    .         Reflect  .   (helmet unavailable)
rElec    .         Harm     .   (cloak unavailable)
rCorr    .         Rampage  .   (gloves unavailable)
Will     .....                  (boots unavailable)
Stlth    +.........             (no amulet)
HPRegen  0.03/turn              (no ring)
MPRegen  0.09/turn              (no ring)

@: quick
A: very small, claws 1, fangs 3, see invisible, speed 1, shaggy fur 1, stealthy
paws, no weapons or thrown items, no armour, multi-lived
a: no special abilities


You were on level 1 of the Dungeon.
You visited 1 branch of the dungeon, and saw 1 of its levels.

Inventory:

Scrolls
 a - a scroll of blinking
Potions
 b - a potion of resistance {unknown}
 c - a potion of attraction {unknown}
 d - a potion of berserk rage {unknown}


   Skills:
 - Level 2.0 Fighting
 + Level 3.4 Dodging
 + Level 2.2 Unarmed Combat
 - Level 2.0 Spellcasting
 + Level 4.6 Translocations


You had 4 spell levels left.
You didn't know any spells.
Your spell library contained the following spells:

 Spells                   Type           Power      Damage    Failure   Level
 Blink                    Tloc           N/A        N/A       5%          2
 Gell's Gravitas          Tloc           7%         N/A       11%         3
 Lesser Beckoning         Tloc           7%         N/A       11%         3
 Teleport Other           Tloc           14%        N/A       11%         3
 Manifold Assault         Tloc           14%        N/A       67%         5


Dungeon Overview and Level Annotations

Branches:
Dungeon (1/15)

Altars:


Innate Abilities, Weirdness & Mutations

You have sharp claws.
You have razor-sharp teeth.
You have supernaturally acute eyesight. (SInv)
You cover ground quickly. (Speed+)
You are covered in fur. (AC +1)
Your paws help you pounce on unaware monsters.
You are incapable of wielding weapons or throwing items.
You cannot wear armour.
You gain extra lives every three experience levels.


Message History

The quokka is moderately wounded.
The bat hits you but does no damage. The bat completely misses you.
The kobold misses you. The quokka completely misses you.
You scratch the quokka.
The quokka is almost dead.
The bat misses you. The bat hits you. The kobold barely misses you.
The quokka closely misses you. The bat completely misses you.
You closely miss the quokka.
The quokka is almost dead.
The bat barely misses you. x2; The kobold hits you with a +0 whip.
The quokka barely misses you.
You are too injured to fight recklessly!
You are too injured to fight recklessly!
You are too injured to fight recklessly!
You are too injured to fight recklessly!
You are too injured to fight recklessly!
You are too injured to fight recklessly!
You are too injured to fight recklessly!
You are too injured to fight recklessly!
You are too injured to fight recklessly!
You are too injured to fight recklessly!
You are too injured to fight recklessly!
You are too injured to fight recklessly!
You are too injured to fight recklessly!
You are too injured to fight recklessly!
You are too injured to fight recklessly!
The bat barely misses you. The quokka barely misses you. The bat hits you.
You barely miss the bat. Your bite misses the bat.
The bat completely misses you. x2; The bat hits you.
* * * LOW HITPOINT WARNING * * *
The quokka bites you.
* * * LOW HITPOINT WARNING * * *
The kobold completely misses you. The bat closely misses you. x3
There is an open door here.
You scratch the bat but do no damage. The bat misses you. x2
The quokka closely misses you. The bat hits you but does no damage.
The quokka completely misses you. The bat hits you.
You die...

..........# .........+
#.......# #.......#
#....†..# #....b..# #
#.JrK...# .#
###'#######.##
#b@........#
#..........#
#..........#
#.....)....#
#..........#
#.....÷....# ######
#..........#
#....###..........#
##♣♣.♣♣..............#


You could see an endoplasm, a quokka and a bat.

Vanquished Creatures
  A goblin (D:1)
  2 hobgoblins (D:1)
  A kobold (D:1)
  A rat (D:1)
5 creatures vanquished.

Notes
Turn   | Place    | Note
-------+----------+-------------------------------------------
     0 | D:1      | Descartes the Felid Warper began the quest for the Orb.
     0 | D:1      | Reached XP level 1. HP: 9/9 MP: 4/4
   266 | D:1      | Slain by a bat

Illustrated notes

Levels and vault maps discovered:
D:1:      heliophobic_arrival_enchanted_forest, layout_basic,
          ebering_ecumenical_altar_box

Action                   || total
-------------------------++-------
Melee: Unarmed           ||    18
       Bite              ||     1
Armor: Skin              ||     3
Dodge: Dodged            ||    34
